Cogmind - Beta 13 *** ADVENTURER MODE // 2024.06.08 @ 16:05:49 Player: Jefffff Result: Destroyed by B-75 Beast with Heavy Plasma Cannon Performance ------------- Evolutions (2) 1000 Regions Visited (5) 1000 Robots Destroyed (51) 255 Value Destroyed (1862) 1862 Prototype IDs (7) 140 Alien Tech Used (0) 0 Bonus (496) 496 TOTAL SCORE: 4753 Bonus ------- High Alert Combat Kills 338 Follower Combat Kills 25 Entered Garrisons 200 Friendly Fire -67 Cogmind --------- Core Integrity 0/550 Matter 96/300 Energy 57/100 System Corruption 0% Temperature Cool (12) Movement Treading (400) Ox3 Location -8/Garrison Parts ------- > --- POWER (1) -------- (None) > --- PROPULSION (3) --- Light Treads > --- UTILITY (5) ------ Huge Storage Unit Signal Interpreter > --- WEAPON (2) ------- (None) > --- INVENTORY (25) --- Nuclear Core Light Treads Improved Heat Sink High-capacity Storage Unit Structural Scanner Transport Network Coupler Authchip [R/Combat] Authchip [R/Combat] Authchip [R/Combat] Authchip [R/Combat] Authchip [R/Combat] Authchip [R/Combat] Authchip [R/Combat] Relay Coupler [NC] (32) Relay Coupler [Swarmer] (53) Relay Coupler [Sentry] (21) Beam Rifle Beam Rifle Gauss Cannon Gauss Cannon Gauss Cannon Gauss Cannon Datajack Armageddon Trap Peak State ------------ > --- POWER ------------ Light Nuclear Core > --- PROPULSION ------- Light Treads Light Treads Improved Treads > --- UTILITY ---------- Huge Storage Unit Signal Interpreter Improved Shield Generator Improved Shield Generator Improved Shield Generator > --- WEAPON ----------- Gauss Cannon Gauss Cannon > --- INVENTORY -------- Nuclear Core Improved Heat Sink High-capacity Storage Unit Structural Scanner Transport Network Coupler Authchip [R/Combat] Authchip [R/Combat] Authchip [R/Combat] Authchip [R/Combat] Authchip [R/Combat] Authchip [R/Combat] Authchip [R/Combat] Relay Coupler [NC] Relay Coupler [Swarmer] Relay Coupler [Sentry] Beam Rifle Beam Rifle Beam Rifle Gauss Cannon Gauss Cannon Datajack Plasma Cutter Mining Claw Armageddon Trap [Rating: 35] Favorites ----------- Power Light Nuclear Core Engine Heavy Ion Engine Power Core Light Nuclear Core Propulsion Aluminum Leg Treads Light Treads Leg Aluminum Leg Wheel Wheel Utility Huge Storage Unit Device Structural Scanner Storage Huge Storage Unit Processor Signal Interpreter Hackware Authchip [R/Combat] Protection Hardened Light Armor Plating Weapon Beam Rifle Energy Gun Beam Rifle Energy Cannon Light EM Pulse Cannon Ballistic Gun Light Assault Rifle Ballistic Cannon Gauss Cannon Launcher Rocket Launcher Special Weapon Plasma Cutter Slashing Weapon Mining Claw Special Melee Weapon Datajack Build | -11 -10 -10 -9 -8 -8 ------- Run | Yrd Mat Min Mat Mat Gar Slots Evolved 4 | . . . 2 2 . Power . | . . . . . . Propulsion 1 | . . . 1 . . Utility 3 | . . . 1 2 . Weapon . | . . . . . . Parts Attached 97 | 6 10 10 13 6 52 Power 7 | 1 1 1 2 1 1 Engine 6 | 1 1 1 2 1 . Core 1 | . . . . . 1 Reactor . | . . . . . . Propulsion 21 | 2 2 2 3 . 12 Treads 7 | . . . . . 7 Leg 10 | . . 2 3 . 5 Wheel 4 | 2 2 . . . . Hover . | . . . . . . Flight . | . . . . . . Utility 20 | 1 3 1 4 2 9 Device 8 | . . 1 2 1 4 Storage 2 | 1 1 . . . . Processor 6 | . . . 2 1 3 Hackware 1 | . . . . . 1 Protection 3 | . 2 . . . 1 Artifact . | . . . . . . Weapon 49 | 2 4 6 4 3 30 Energy Gun 17 | . . 4 4 1 8 Energy Cannon 2 | . 2 . . . . Ballistic Gun 2 | 2 . . . . . Ballistic Cannon 6 | . . . . . 6 Launcher 1 | . . . . . 1 Special Weapon 6 | . 1 . . 1 4 Impact Weapon . | . . . . . . Slashing Weapon 12 | . 1 . . . 11 Piercing Weapon . | . . . . . . Special Melee Weapon 3 | . . 2 . 1 . Unidentified Prototypes . | . . . . . . Parts Lost 18 | . . 1 . . 17 Power 3 | . . 1 . . 2 Propulsion 7 | . . . . . 7 Utility 6 | . . . . . 6 Weapon 2 | . . . . . 2 Highest Loss Streak 7 | . . 1 . . 7 To Critical Strikes . | . . . . . . Average Slot Usage (%) 95 | . 98 93 99 100 94 Engine 8 | . 14 13 11 9 4 Core 2 | . . . . . 4 Treads 6 | . . . . . 12 Leg 17 | . . 24 32 27 12 Wheel 3 | . 28 3 . . . Device 11 | . . 7 11 18 14 Storage 10 | . 14 14 11 9 9 Processor 12 | . . . 11 18 18 Protection 2 | . 13 6 . . . Energy Gun 8 | . . 14 21 16 2 Energy Cannon 1 | . 15 . . . . Ballistic Cannon 2 | . . . . . 5 Special Weapon 3 | . 5 . . . 5 Slashing Weapon 2 | . 5 1 . . 3 Special Melee Weapon 1 | . . 5 . . . Naked Turns . | . . . . . . Heaviest Build 111 | 13 98 92 94 96 111 Greatest Support 63 | 20 20 30 40 40 63 Greatest Overweight (x) 31 | 2 4 4 31 2 30 Average Overweight (x) 2 | . 2 2 2 2 1 Largest Inventory Capacity 25 | 8 25 25 25 25 25 Average Capacity 24 | 6 21 25 25 25 25 Most Carried 25 | 6 20 23 25 25 25 Average Carried 20 | 4 11 20 21 23 21 Final Capacity 25 | 8 25 25 25 25 25 Final Carried 25 | 6 16 21 25 24 24 Class Distribution -------------------- 57% | Mutant 36% | Scavenger-Mutant 3% | Skirmisher Dominant Class ---------------- Mutant | -10/Materials Mutant | -10/Mines Mutant | -9/Materials Skirmisher | -8/Materials Scavenger-Mutant | -8/Garrison Resources | -11 -10 -10 -9 -8 -8 ----------- Run | Yrd Mat Min Mat Mat Gar Matter Collected 1450 | 228 132 125 108 . 857 Remotely . | . . . . . . Salvage Created 1772 | . 295 182 458 . 837 Parts 103 | . 17 7 25 . 54 Haulers Intercepted . | . . . . . . Recyclers Shooed 2 | . . . 2 . . Parts Field Recycled . | . . . . . . Retrieved Matter . | . . . . . . Parts Self-Destructed . | . . . . . . Prevented . | . . . . . . Kills | -11 -10 -10 -9 -8 -8 ------- Run | Yrd Mat Min Mat Mat Gar Combat Hostiles Destroyed 46 | . 6 4 6 . 30 Melee 3 | . . . . . 3 Guns 20 | . . 3 6 . 11 Cannons 14 | . 6 . . . 8 AOE 7 | . . . . . 7 Classes Destroyed 6 | . 2 . 3 . 1 Worker 2 | . 1 . 1 . . Recycler 2 | . . . 2 . . Watcher 1 | . . . 1 . . Swarmer 11 | . . . . . 11 Grunt 22 | . 6 4 3 . 9 Sentry 13 | . . . 3 . 10 Best Kill Streak 4 | . 4 3 2 . 4 Combat Bots Only 4 | . 3 3 2 . 4 Max Kills in Single Turn 3 | . 2 2 1 . 3 Gunslinging 1 | . . 1 . . 1 Exploded 3 | . . . . . 3 Melee 1 | . . . . . 1 Uniques/NPCs Destroyed . | . . . . . . Combat | -11 -10 -10 -9 -8 -8 -------- Run | Yrd Mat Min Mat Mat Gar Hostile Shots Fired 335 | . 23 19 23 . 270 Missed 87 | . 11 3 9 . 64 Damage Taken 2883 | . 131 159 145 . 2448 Core 597 | . 9 8 22 . 558 Absorbed by Shields 106 | . . . . . 106 Ignored by Resistances 863 | . 43 46 42 . 732 Regen/Repaired (Parts) 53 | . 8 . 45 . . Core Remaining (%) 95 | 100 . 93 94 . . Volleys Fired 137 | . 10 10 21 . 96 Largest 2 | . 2 2 2 . 2 Hottest 130 | . 112 112 112 . 130 Shots Fired 257 | . 20 20 42 . 175 Gun 121 | . . 20 42 . 59 Cannon 82 | . 20 . . . 62 Launcher 10 | . . . . . 10 Special 44 | . . . . . 44 Kinetic 62 | . . . . . 62 Thermal 165 | . . 20 42 . 103 Explosive 10 | . . . . . 10 Electromagnetic 20 | . 20 . . . . Robot Hit Streak 38 | . 11 30 32 . 38 Robot Miss Streak 3 | . 1 . 2 . 3 Penetration Max . | . . . . . . Secondary Targets 4 | . . 2 . . 2 Max Gunslinging Chain 1 | . . 1 . . 1 Shots Hit Robots 190 | . 15 22 35 . 118 Core Hits 80 | . 8 7 15 . 50 Critical Kills . | . . . . . . Critical Parts Destroyed . | . . . . . . Critical Strikes 13 | . 1 2 2 . 8 Burn 9 | . . 2 2 . 5 Blast 3 | . . . . . 3 Corrupt 1 | . 1 . . . . Melee Attacks 75 | . . 3 . . 72 Impact . | . . . . . . Slashing 71 | . . . . . 71 Piercing . | . . . . . . Sneak Attacks 3 | . . 3 . . . Combat Hostiles . | . . . . . . Follow-up Attacks . | . . . . . . Damage Inflicted 4042 | . 406 276 522 . 2838 Guns 1582 | . . 276 522 . 784 Cannons 1194 | . 376 . . . 818 Explosions 867 | . 30 . . . 837 Melee 173 | . . . . . 173 Ramming . | . . . . . . Kinetic 818 | . . . . . 818 Thermal 1838 | . 30 276 522 . 1010 Explosive 837 | . . . . . 837 Electromagnetic 376 | . 376 . . . . Impact . | . . . . . . Slashing 173 | . . . . . 173 Piercing . | . . . . . . Highest Corruption 1 | . 1 1 . . . Average Corruption 1 | . 1 1 . . . Corruption Purged . | . . . . . . Corruption Blocked . | . . . . . . Effects 14 | . 4 10 . . . Message Errors 2 | . 1 1 . . . Matter Fused 4 | . . 4 . . . Heat Flow Errors 3 | . 1 2 . . . Energy Discharges 3 | . 1 2 . . . Parts Fused 1 | . 1 . . . . Data Loss (major) 1 | . . 1 . . . Overload Shots . | . . . . . . Overflow Damage 45 | . . . . . 45 Projectiles 14 | . . . . . 14 Explosions 31 | . . . . . 31 Melee . | . . . . . . Knockbacks 5 | . . . . . 5 Impact . | . . . . . . Kinetic 5 | . . . . . 5 Secondary . | . . . . . . Self-Inflicted Damage 128 | . 26 . . . 102 Shots 7 | . 1 . . . 6 Rammed . | . . . . . . Targets Rammed . | . . . . . . Kicked . | . . . . . . Crushed . | . . . . . . Highest Temperature 406 | . 285 406 204 . 351 Average Temperature 106 | . 116 158 73 . 97 Received Heat Transfer 1438 | . 75 117 84 . 1162 Effects 3 | . . 1 . . 2 Shutdowns 1 | . . 1 . . . Energy Bleed 2 | . . . . . 2 Siege Activations . | . . . . . . Robots Corrupted . | . . . . . . Combat Hostiles . | . . . . . . Parts Fried 1 | . 1 . . . . Impact Corruptions . | . . . . . . Robots Melted 2 | . . 1 . . 1 Combat Hostiles 2 | . . 1 . . 1 Parts Melted 19 | . . 3 6 . 10 Heat Transferred 5319 | . 50 851 1480 . 2938 Parts Sabotaged . | . . . . . . Parts Stolen . | . . . . . . Parts Stripped . | . . . . . . Power Chain Reactions 1 | . 1 . . . . Alert | -11 -10 -10 -9 -8 -8 ------- Run | Yrd Mat Min Mat Mat Gar Peak Influence 2314 | . 204 72 78 27 2314 Initial 27 | . . 2 . 27 17 Average 507 | . 38 16 17 27 993 Maximum Alert Level 5 | . 1 . . . 5 Low Security (%) 52 | 100 87 100 100 100 7 Level 1 5 | . 12 . . . 9 Level 2 12 | . . . . . 25 Level 3 9 | . . . . . 19 Level 4 7 | . . . . . 15 Level 5 11 | . . . . . 23 High Security . | . . . . . . Max Security . | . . . . . . Squads Dispatched 5 | . 3 1 1 . . Investigation 3 | . 3 . . . . Extermination . | . . . . . . Reinforcement 1 | . . . 1 . . Assault 1 | . . 1 . . . Garrison . | . . . . . . Intercept . | . . . . . . Searches Triggered . | . . . . . . Construction Impeded . | . . . . . . Haulers Reinforced . | . . . . . . Active Scanning Responses . | . . . . . . Cargo Convoy Interrupts . | . . . . . . Stealth | -11 -10 -10 -9 -8 -8 --------- Run | Yrd Mat Min Mat Mat Gar Distress Signals 2 | . 1 . 1 . . Communications Jammed . | . . . . . . Distress Signals . | . . . . . . Times Spotted 60 | . 7 6 8 . 39 Peak Tracking Total 7 | . 3 4 3 . 7 Tactical Retreats 4 | . . 1 . . 3 Traps | -11 -10 -10 -9 -8 -8 ------- Run | Yrd Mat Min Mat Mat Gar Traps Triggered 9 | . 2 . 2 . 5 Indirectly . | . . . . . . Trap Hack Attempts . | . . . . . . Triggered . | . . . . . . Disarmed . | . . . . . . Reprogrammed . | . . . . . . Reused . | . . . . . . Traps Extracted . | . . . . . . Installed 1 | . . . . . 1 Triggered . | . . . . . . Most Traps Carried 7 | . . . . . 7 Machines | -11 -10 -10 -9 -8 -8 ---------- Run | Yrd Mat Min Mat Mat Gar Machines Disabled 4 | . 1 . . . 3 Max in Single Turn 1 | . 1 . . . 1 Garrison Relay 2 | . . . . . 2 Machines Repaired . | . . . . . . Machines Dismantled 4 | . . . . . 4 Machines Sabotaged . | . . . . . . Overloaded Fab Kills . | . . . . . . Hacking | -11 -10 -10 -9 -8 -8 --------- Run | Yrd Mat Min Mat Mat Gar Machines Accessed 14 | . 7 . 5 1 1 Terminals 8 | . 4 . 3 . 1 Fabricators . | . . . . . . Repair Stations 2 | . 1 . 1 . . Recycling Units 2 | . 2 . . . . Scanalyzers 1 | . . . 1 . . Garrison Access 1 | . . . . 1 . Total Hacks 52 | . 27 . 22 2 1 Successful 39 | . 20 . 17 2 . Failed 13 | . 7 . 5 . 1 Catastrophic 1 | . . . . . 1 Database Lockouts . | . . . . . . Manual 6 | . . . 5 . 1 Terminals 21 | . 12 . 8 . 1 Fabricators . | . . . . . . Repair Stations 8 | . 5 . 3 . . Recycling Units 10 | . 10 . . . . Scanalyzers 11 | . . . 11 . . Garrison Access 2 | . . . . 2 . Terminal Hacks 12 | . 8 . 4 . . Record 1 | . . . 1 . . Prototype ID Bank 4 | . 2 . 2 . . Fabricator Index 1 | . . . 1 . . Recycling Unit Index 1 | . 1 . . . . Locate Traps 1 | . 1 . . . . Dispatch Records 1 | . 1 . . . . Zone Layout 3 | . 3 . . . . Fabricator Hacks . | . . . . . . Repair Station Hacks 8 | . 5 . 3 . . Scan Component 5 | . 3 . 2 . . Repair 3 | . 2 . 1 . . Recycling Unit Hacks 7 | . 7 . . . . Recycle Component 3 | . 3 . . . . Process 1 | . 1 . . . . Report Inventory 2 | . 2 . . . . Retrieve Matter 1 | . 1 . . . . Scanalyzer 10 | . . . 10 . . Insert Component 5 | . . . 5 . . Analyze 5 | . . . 5 . . Garrison Access Hacks 2 | . . . . 2 . Unlock Access 1 | . . . . 1 . Coupler Status 1 | . . . . 1 . Unauthorized Hacks . | . . . . . . Terminals . | . . . . . . Fabricators . | . . . . . . Repair Stations . | . . . . . . Recycling Units . | . . . . . . Scanalyzers . | . . . . . . Garrison Access . | . . . . . . Data Cores Recovered . | . . . . . . Used . | . . . . . . Hacking Detections 11 | . 4 . 5 1 1 Full Trace Events 2 | . 2 . . . . Feedback Events . | . . . . . . Feedback Blocked . | . . . . . . Robot Schematics Acquired . | . . . . . . Robots Built . | . . . . . . Authchips . | . . . . . . Time . | . . . . . . Total Robot Build Rating . | . . . . . . Part Schematics Acquired 5 | . . . 5 . . Parts Built . | . . . . . . Authchips . | . . . . . . Time . | . . . . . . Total Part Build Rating . | . . . . . . Parts Repaired 3 | . 2 . 1 . . Time 96 | . 58 . 38 . . Parts Recycled 3 | . 3 . . . . Recycled Matter 77 | . 77 . . . . Retrieved Matter 77 | . 77 . . . . Retrieved Components . | . . . . . . Parts Scanalyzed 5 | . . . 5 . . Part Schematics Acquired 5 | . . . 5 . . Parts Damaged . | . . . . . . Bothacking | -11 -10 -10 -9 -8 -8 ------------ Run | Yrd Mat Min Mat Mat Gar Used RIF Installer . | . . . . . . Robots Hacked 2 | . . 2 . . . Non-combat 2 | . . 2 . . . Combat . | . . . . . . Robot Hacks Applied 2 | . . 2 . . . no_distress 2 | . . 2 . . . Relay Couplers Released 8 | . . . . . 8 Machine Destruction 8 | . . . . . 8 Fabnet Peak Effective % . | . . . . . . Robots Rewired . | . . . . . . Allies Hacked . | . . . . . . Hacks Repelled . | . . . . . . Allies | -11 -10 -10 -9 -8 -8 -------- Run | Yrd Mat Min Mat Mat Gar Total Allies 3 | . . 1 . . 2 Largest Group 2 | . . 1 . . 2 Highest-Rated Group 56 | . . 31 . . 56 Highest-Rated Ally 31 | . . 31 . . 31 Total Orders . | . . . . . . Ally Attacks 6 | . . 5 . . 1 Total Damage 107 | . . 83 . . 24 Kills 1 | . . 1 . . . Allies Corrupted . | . . . . . . Allies Melted . | . . . . . . Intel | -11 -10 -10 -9 -8 -8 ------- Run | Yrd Mat Min Mat Mat Gar Robot Analysis Total . | . . . . . . Derelict Logs Recovered 2 | . . 2 . . . Drone Launches . | . . . . . . Drone Recoveries . | . . . . . . Exploration | -11 -10 -10 -9 -8 -8 ------------- Run | Yrd Mat Min Mat Mat Gar Turns Passed 7870 | 55 747 1409 1445 274 3940 Spaces Moved 2715 | 49 524 491 481 100 1070 Core 27 | 22 . . 2 . 3 Treads 637 | . . . . . 637 Legs 1402 | . . 393 479 100 430 Wheels 649 | 27 524 98 . . . Hover . | . . . . . . Flight . | . . . . . . Fastest Speed 50 | 50 80 140 260 260 240 Average Speed 242 | 78 124 264 265 260 286 Slowest Speed 1600 | 150 140 330 1600 260 1550 Overloaded Moves . | . . . . . . Propulsion Burnouts . | . . . . . . Robots Hopped . | . . . . . . Cave-ins Triggered . | . . . . . . Exploration Rate (%) 43 | 3 61 88 34 5 68 Regions Visited 5 Branch Regions 1 Pre-discovered Areas . | . . . . . . Known Exits Taken 2 | . . . 1 1 . Unknown Exits Taken 3 | 1 1 1 . . . Scrap Searched 2 | . . 2 . . . Spaces Dug . | . . . . . . Terrain Destroyed 29 | . 4 . . . 25 Melee . | . . . . . . Projectile . | . . . . . . AOE 29 | . 4 . . . 25 Terrain Rammed . | . . . . . . Walls Destroyed . | . . . . . . Machines Disabled . | . . . . . . Actions | -11 -10 -10 -9 -8 -8 --------- Run | Yrd Mat Min Mat Mat Gar Total 3516 | 63 604 579 614 110 1546 Wait 244 | . 26 52 63 . 103 Move 2710 | 48 523 490 480 100 1069 Hop . | . . . . . . Pick Up 114 | 9 24 9 22 2 48 Fast Attach 5 | 3 . . 2 . . Attach 76 | 3 7 4 10 2 50 Detach 27 | . 2 2 1 . 22 Swap 18 | . 3 6 1 4 4 Drop 60 | . 9 3 14 1 33 Fire 137 | . 10 10 21 . 96 Melee 74 | . . 3 . . 71 Ram . | . . . . . . Kick . | . . . . . . Crush . | . . . . . . Escape Stasis 10 | . . . . . 10 Rewire 5 | . . . . . 5 Trap 1 | . . . . . 1 Miscellaneous 35 | . . . . 1 34 Route ------- -11/Scrapyard -10/Materials (discovered 3 exits: *Mat x2 / [*Min]) -10/Mines (discovered 2 exits: *Mat x2) -9/Materials (discovered 2 exits: *Mat / *Min) -8/Materials -8/Garrison (discovered 3 exits: *Mat x3) History --------- Turn | Location | Event 8 | -11/Scrapyard | Discovered new exit (range 16) 56 | -11/Scrapyard | Entered Materials 194 | -10/Materials | Discovered new exit (range 14) 300 | -10/Materials | Repaired Wheel 323 | -10/Materials | Build established: Mutant 332 | -10/Materials | Repaired Hrd. Light Armor Plating 486 | -10/Materials | Discovered new exit (range 15) 488 | -10/Materials | Discovered new exit (range 10) 803 | -10/Materials | Entered Mines 847 | -10/Mines | Learned 2 Materials zone layouts 878 | -10/Mines | Met a Derelict testing a Signal Generator 1132 | -10/Mines | Learned Materials terminal intel 1441 | -10/Mines | Discovered new exit (range 8) 2179 | -10/Mines | Discovered new exit (range 8) 2212 | -10/Mines | Entered Materials 2212 | -9/Materials | Evolved 2 slots: Propulsion x1, Utility x1 2214 | -9/Materials | Loaded intel: 12 terminal locations 2377 | -9/Materials | Repaired Carbon-fiber Leg 3311 | -9/Materials | Discovered new exit (range 12) 3366 | -9/Materials | Identified exit to Mines 3505 | -9/Materials | Discovered new exit (range 9) 3553 | -9/Materials | Identified exit to Materials 3657 | -9/Materials | Entered another Materials area 3657 | -8/Materials | Evolved 2 slots: Utility x2 3931 | -8/Materials | Identified exit to Garrison 3931 | -8/Materials | Entered Garrison 3982 | -8/Garrison | Spotted B-75 Beast 4035 | -8/Garrison | Triggered checkpoint 4111 | -8/Garrison | Triggered checkpoint 4207 | -8/Garrison | Triggered checkpoint 4271 | -8/Garrison | Triggered checkpoint 4390 | -8/Garrison | Discovered new exit (range 13) 4467 | -8/Garrison | Triggered checkpoint 4496 | -8/Garrison | Identified exit to Materials 4499 | -8/Garrison | Attempted to access garrison exit controls, blocked by remote lockdown 4584 | -8/Garrison | Garrison Relay disabled 5246 | -8/Garrison | Build established: Scavenger-Mutant 5567 | -8/Garrison | Triggered checkpoint 5701 | -8/Garrison | Discovered exit to Materials (range 17) 5731 | -8/Garrison | Triggered checkpoint 5751 | -8/Garrison | Core integrity fell below 50% 5807 | -8/Garrison | Lost 5 parts (1p3n1u) 5868 | -8/Garrison | Garrison Relay disabled 6251 | -8/Garrison | Triggered checkpoint 6692 | -8/Garrison | Discovered exit to Materials (range 8) 7420 | -8/Garrison | Rescued a captive Derelict 7421 | -8/Garrison | Rescued a captive Derelict 7846 | -8/Garrison | Core integrity fell below 20% 7871 | -8/Garrison | Destroyed by B-75 Beast with Heavy Plasma Cannon Last Messages --------------- 07447_ Dropped Beam Rifle. 07448_ Acquired Mining Claw. 07480_ Dropped Lgt. Treads. 07490_ Acquired Lgt. Treads. 07531_ ALERT: Garrison interior compromised. 07600_ LF-IBP(g) destroyed. 07681_ ALERT: Garrison interior compromised. 07835_ Dropped Mining Claw. 07835_ Imp. Treads blasted off. 07841_ Acquired Ripper. 07845_ Plasma Cutter destroyed. 07848_ Lgt. Nuclear Core destroyed. 07851_ Critical hit (Meltdown: +260). 07851_ Imp. Shield Generator destroyed. 07851_ Lgt. Treads blasted off. 07857_ Lgt. Treads destroyed. 07860_ Imp. Shield Generator destroyed. 07867_ Ripper destroyed. [Achievement: First Step to Greatness] Map ----- +----------------------------------------------------+ | ?????????????????????????????????????????????????? | | ?????????????????????????????????????????????????? | | ?????????????????????????????????????????????????? | | ?????????????????????????????????????????????????? | | ?????????????????????????????????????????????????? | | ?????????????????????????????????????????????????? | | ?????????????????????????????????????????????????? | | ?????????????????????????????????????????????????? | | ?????????????????????????????????????????????????? | | ?????????????????????????????????????????????????? | | ?????????????????????????????????????????????????? | | ?????????????????????????????????????????????????? | | ?????????????????????????????????????????????????? | | ?????????????????????????????????????????????????? | | ?????????????????????????????????????????????????? | | ??????????????????????????????#??????????????????? | | ?????????????????????????????? ??????????????????? | | ?????????????????????????????? ??????????????????? | | ?????????????????????????????? ??????#???????????? | | ?????????????????????????????? ?????"""??????????? | | ?????????????????????????????? ?????" "??????????? | | ?????????????????????????????# #????" "??????????? | | ???????????????????????####??# #????" "??????????? | | ????######?????????????#BB#??# #???? ??????????? | | ????# #?????????????#BB#??# #????# #??????????? | | ????# ###############;@##? #????# #??????????? | | ????# /=%%#? #????# #?????????? | | ????# ########## ####%%*#? #????# #????###### | | ????######?#####??# #??# ##?# #????# ?????# # * | | ??????????## ##########;#??# #????# #?????# [[ | | ??????????# #??# ###### ##????###* | | ??????????# #??# "[ #??????# ## | | ??????????# *#### #!#### ##??????#[## | | ??????????## ####"####=[ ! =###??# #???????# | | ???????????#####??# #??#%=######????# #???????#!* | | ??????????????????# #??#^^#?????????# #???????# # | | ??????????????????# #### [########### #####???#[!# | | ??????????????????# " # ! #???# # | | ??????????????????###### ##### ##### ### #???#*!" | | ???????????????????????# =#???# #???# #?#=##### =# | | ???????????????????????#=%#???# #???# #?#=! ## =# | | ???????????????????????# %#???# #??###### ## # | | ???????????????????????#" ########## ^ | | ???????????????????????# " ! ^ | | ???????????????????????# ![ ^ | | ???????????????????????############# [##^^^^## | | ?????????????????????????????????### ## ## | | ?????????????????????????????????#= | | ?????????????????????????????????# *= | | ?????????????????????????????????#[*= | +----------------------------------------------------+ Best States ------------- Heat Dissipation 31 Energy Generation 14 Energy Capacity 280 Matter Stores 300 Matter Capacity 300 Sight Range 18 Robot Scan Range 14 Terrain Scan Range 14 Terrain Scan Density 85 Armor Coverage 150 Resistance: KI 20 Resistance: TH 20 Resistance: EX 20 Resistance: EM 20 Resistance: I 20 Resistance: S 20 Resistance: P 20 Evasion (%) 50 Targeting Accuracy 5 Recoil Reduction 3 Offensive Hacking 10 Authchip Count 8 Item Schematics ----------------- Particle Gun | -9/Materials | Scanalyzed Mining Claw | -9/Materials | Scanalyzed Imp. Light Cannon | -9/Materials | Scanalyzed Hvy. Ion Engine | -9/Materials | Scanalyzed Hvy. EM Pulse Gun | -9/Materials | Scanalyzed Robot Schematics ------------------ None Fabricated ------------ Nothing Alien Tech Used ----------------- None Achievements -------------- First Step to Greatness Challenges ------------ None Game ------ Seed ArmorCobblerHammer Manual? 0 Play Time 01:23:14 Cumulative 2.1 hours Start 2024.06.08 @ 14:42:04 End 2024.06.08 @ 16:05:49 Sessions 1 Manual Loads 0 Difficulty Adventurer Special Mode None Game No. 5 Rogue 0 Adventurer 5 Explorer 0 Win Type - Total 0 Types 0/0/0/0/0/0/0/0/0 Lore% 2 Gallery% 7 Achievement% 4 Wizard Run 0 Options --------- Layout 1 ASCII 0 Keyboard 0 Movement Mouse Keybinds 0 Fullscreen 1 Font 48/X11 Map View 50x35 Zoom Use 0% Tactical HUD 1 Map Filters NONE Filters NONE Steam 1 RUN: 937bd4b9-31ab-4242-a780-2d4a83b52ff5